 Dungeon Crawl Stone Soup version 0.31-a0-210-gccc998df9b (webtiles) character file.

Game seed: 5795079356241799502

516 ytrimaz the Magician (level 7, -5/46 HPs)
             Began as a Mummy Necromancer on June 30, 2023.
             Killed by divine providence
             ... invoked by an orc priest
              (12 damage)
             ... on level 4 of the Dungeon.
             The game lasted 00:07:51 (4137 turns).

ytrimaz the Magician (Mummy Necromancer)            Turns: 4137, Time: 00:07:51

Health: -5/46      AC:  9    Str: 11    XL:     7   Next: 0%
Magic:  8/16       EV:  8    Int: 17    God:
Gold:   190        SH:  0    Dex: 12    Spells: 5/18 levels left

rFire   x . .        (no weapon)
rCold   + . .        (no shield)
rNeg    + + +        e - +4 ring mail rPois โˆž
                     (no helmet)
rElec   .            (no cloak)
rCorr   .            (no gloves)
SInv    .            (no boots)
Will    .....        c - amulet of regeneration
Stlth   +            (no ring)
HPRegen 1.07/turn    (no ring)
MPRegen 0.15/turn

%: faith
@: about to teleport, constricted
A: cold resistance 1, negative energy resistance 3, torment resistance 2, heat
vulnerability 1, in touch with death 1, no potions, faith
a: no special abilities


You were on level 4 of the Dungeon.
You visited 1 branch of the dungeon, and saw 4 of its levels.

You collected 190 gold pieces.


Innate Abilities, Weirdness & Mutations

You are immune to poison.
Your flesh is cold resistant. (rC+)
You are immune to negative energy. (rN+++)
You are immune to unholy pain and torment.
You are vulnerable to heat. (rF-)
You are in touch with the powers of death.
You do not drink.
You have a special connection with the divine. (Faith)


   Skills:
 - Level 3.2 Dodging
 - Level 1.5 Stealth
 + Level 6.1 Spellcasting
 + Level 6.0 Necromancy


You had 5 spell levels left.
You knew the following spells:

 Your Spells              Type           Power      Damage    Failure   Level
a - Necrotise             Necr           100%       1d9       2%          1
b - Vampiric Draining     Necr           38%        2d8       8%          3
c - Animate Dead          Necr           38%        N/A       26%         4
d - Agony                 Necr           38%        N/A       56%         5

Your spell library contained the following spells:

 Spells                   Type           Power      Damage    Failure   Level
 Freeze                   Ice            20%        1d4       30%         1
 Anguish                  Hex/Necr       11%        N/A       65%         4
 Dazzling Flash           Conj/Hex       10%        N/A       67%         3
 Frozen Ramparts          Ice            10%        1d2       67%         3
 Hailstorm                Conj/Ice       5%         3d4       67%         3
 Leda's Liquefaction      Hex/Erth       2%         N/A       97%         4

Inventory:

Armour
 a - a +0 robe
 e - a +4 ring mail (worn)
   (You found it on level 3 of the Dungeon)
Jewellery
 c - an amulet of regeneration (around neck)
   (You found it on level 4 of the Dungeon)
Scrolls
 d - a scroll of brand weapon
 f - a scroll of teleportation

Dungeon Overview and Level Annotations

Branches:
Dungeon (4/15) Zot: 19862
 Temple: D:4-7

Altars:

#.###.##.<.###.#### .##
#....).[......# .#
####...######.#
.#######...######.##
...........#.#.#...#
########.#.##.#..#..# ##
#.#.#.#..###..#.
#######.#.##..##l##..##
#......#..#..##@o.##(ยง#
#.#####.###.##WSoo.##.#
#.# #.# #..##o.)## .#
#.# #.# ##..##.## ## #.#
#.# #..#K# #.# #.#
#.....# #.# #.#
#.#...#.# ### #.# #
##### # ######.#


You could see a phantom, an iguana, an orc priest, 3 orcs, a ball python and a
kobold.


Message History

An iguana, a hobgoblin, a ball python and 5 orcs come into view. ๐Ÿ˜• HP[-1]
You take 1 damage, and now have 43/46 hp.
Aiming: Necrotise (safe; 2% risk of failure)
Press: ? - help, Q - select action, (/) - cycle Shift-Dir - straight line, f - orc
Aim: an orc, wielding a +0 falchion (asleep, chance to affect: 93%)
You feel a surge of power!
The orc shouts!
The orc writhes in agony.
The hobgoblin shouts!
The ball python hisses angrily.
The orc shouts!
The orc priest shouts!
The orc shouts! x2
The orc misses you. The phantom hits you.
The phantom blinks!
You blink.
The iguana barely misses you. ๐Ÿ˜• HP[-4] MP[-1]
You take 4 damage, and now have 39/46 hp.
You lost 1 mp, and now have 15/16 mp.
Unknown command.
Aiming: Necrotise (safe; 2% risk of failure)
Press: ? - help, Q - select action, (/) - cycle Shift-Dir - straight line, f/p - orc
Aim: an orc, wielding a +0 falchion (lightly wounded, chance to affect: 93%)
You feel a surge of power!
The orc writhes in agony.
The hobgoblin hits you but does no damage.
The orc priest hits you but does no damage.
The orc barely misses you. The phantom closely misses you.
The iguana bites you! ๐Ÿ˜ฎ HP[-9] MP[-1]
You take 9 damage, and now have 30/46 hp.
You lost 1 mp, and now have 14/16 mp.
Unknown command.
Aiming: Necrotise (safe; 2% risk of failure)
Press: ? - help, Q - select action, (/) - cycle Shift-Dir - straight line, f/p - orc
Aim: an orc, wielding a +0 falchion (lightly wounded, chance to affect: 93%)
You feel a surge of power!
The orc writhes in agony!
You kill the orc!
The dead are walking!
The hobgoblin hits you but does no damage.
The ball python closely misses you. The ball python grabs you.
The ball python constricts you.
The orc hits your orc skeleton with a +0 club.
The orc priest hits you with a +0 flail.
The phantom hits you. The iguana bites you!
* * * LOW HITPOINT WARNING * * *
๐Ÿ˜จ HP[-12] MP[-1]
You take 12 damage, and now have 18/46 hp.
MASSIVE DAMAGE!! (PAUSE)
You lost 1 mp, and now have 13/16 mp.
As you read the scroll of teleportation, it crumbles to dust.
You feel strangely unstable. The ball python barely misses you.
The ball python constricts you.
* * * LOW HITPOINT WARNING * * *
The hobgoblin hits you but does no damage.
The orc hits your orc skeleton with a +0 club.
Your orc skeleton is destroyed!
The orc priest invokes the aid of Beogh against you.
Beogh smites you!
* * * LOW HITPOINT WARNING * * *
A kobold comes into view. It is wielding a +0 dagger.
The phantom hits you but does no damage.
The iguana barely misses you. ๐Ÿ˜ฑ HP[-12]
You take 12 damage, and now have 6/46 hp.
MASSIVE DAMAGE!! (PAUSE)
Casting: Necrotise (safe; 2% risk of failure)
Confirm with . or Enter, or press ? or * to list all spells.
You don't know that spell.
Casting: Necrotise (safe; 2% risk of failure)
Confirm with . or Enter, or press ? or * to list all spells.
Aiming: Vampiric Draining (dangerous; 8% risk of failure)
Press: ? - help, Shift-Dir - straight line, f - hobgoblin, p - orc
Aim: a hobgoblin You feel a surge of power!
You draw life force from the hobgoblin!
You kill the hobgoblin!
You feel life coursing into your body.
The ball python bites you but does no damage.
The ball python constricts you.
The phantom hits you but does no damage.
The orc priest hits you with a +0 flail!
* * * LOW HITPOINT WARNING * * *
The iguana bites you but does no damage. ๐Ÿ˜ฑ HP[-2] MP[-3]
You take 2 damage, and now have 4/46 hp.
You lost 3 mp, and now have 10/16 mp.
Unknown command.
Unknown command.
Casting: Vampiric Draining (dangerous; 8% risk of failure)
Confirm with . or Enter, or press ? or * to list all spells.
Aiming: Vampiric Draining (dangerous; 8% risk of failure)
Press: ? - help, Shift-Dir - straight line, f - iguana
Aim: an iguana You feel a surge of power!
You draw life force from the iguana!
You feel life coursing into your body.
The ball python bites you but does no damage.
The ball python constricts you. The phantom hits you.
* * * LOW HITPOINT WARNING * * *
The phantom blinks!
The orc barely misses you.
The orc priest invokes the aid of Beogh against you.
Beogh smites you!
You die...

Skill      XL: |  1  2  3  4  5  6 |
---------------+-------------------+-----
Dodging        | 2 3 |  3.2
Spellcasting   | 3 5 6 |  6.1
Necromancy     | 5 6 |  6.0
Stealth        | |  1.5

Action                     |  1- 3 |  4- 6 |  7- 9 || total
---------------------------+-------+-------+-------++-------
  Melee: Unarmed           |    21 |   154 |    68 ||   243
         Punch             |       |     3 |     1 ||     4
   Cast: Necrotise         |    70 |   109 |     3 ||   182
         Vampiric Draining |       |     3 |     2 ||     5
    Use: Scroll            |     1 |     3 |     1 ||     5
 Armour: Robe              |     7 |       |       ||     7
         Ring mail         |     2 |    89 |    37 ||   128
  Dodge: Dodged            |    29 |   116 |    29 ||   174

Levels and vault maps discovered:
D:1:      minmay_arrival_widening_spiral_narrow, layout_basic
D:2:      layout_loops_cross, minmay_tall_x, uniq_terence
D:3:      layout_rooms, kennysheep_generic_room_13
D:4:      minmay_diamond_boxcup, layout_loops_ring,
          nicolae_overflow_hidden_temple, chequers_serial_rivers_micro_a,
          minmay_strange_pillars, nicolae_shop_firing_range, uniq_sigmund

Notes
Turn   | Place    | Note
-------+----------+-------------------------------------------
     0 | D:1      | ytrimaz the Mummy Necromancer began the quest for the Orb.
     0 | D:1      | Reached XP level 1. HP: 13/13 MP: 4/4
     0 | D:1      | magus.rc [v1.9.6]
   449 | D:1      | Reached XP level 2. HP: 19/19 MP: 1/5
   451 | D:1      | Reached skill level 2 in Dodging
   592 | D:1      | Reached skill level 3 in Spellcasting
  1216 | D:2      | You fall into a shaft and drop 2 floors!
  1251 | D:3      | Gained mutation: You are in touch with the powers of death.
                  | [Mummy growth]
  1251 | D:3      | Reached XP level 3. HP: 24/24 MP: 2/7
  1316 | D:3      | You pick up a book of Frost and begin reading...
  1316 | D:3      | You add the spells Freeze, Frozen Ramparts and Hailstorm to
                  | your library.
  1559 | D:2      | Noticed Terence
  1667 | D:2      | Reached XP level 4. HP: 30/30 MP: 4/9
  1710 | D:2      | Learned a level 3 spell: Vampiric Draining
  1715 | D:2      | Learned a level 4 spell: Animate Dead
  1805 | D:2      | Reached skill level 3 in Dodging
  2155 | D:2      | Killed Terence
  2156 | D:2      | Reached XP level 5. HP: 35/35 MP: 0/10
  2322 | D:2      | Reached skill level 4 in Spellcasting
  2821 | D:3      | Reached skill level 5 in Necromancy
  3214 | D:4      | You add the spells Dazzling Flash, Leda's Liquefaction and
                  | Anguish to your library.
  3214 | D:4      | Got the Octavo of Execration
  3241 | D:4      | Learned a level 5 spell: Agony
  3402 | D:4      | Noticed Sigmund
  3414 | D:4      | Killed Sigmund
  3415 | D:4      | Reached skill level 5 in Spellcasting
  3415 | D:4      | Reached XP level 6. HP: 31/41 MP: 2/14
  3792 | D:4      | Reached skill level 6 in Necromancy
  3928 | D:4      | Reached skill level 6 in Spellcasting
  3981 | D:4      | Reached XP level 7. HP: 46/46 MP: 11/16
  4135 | D:4      | HP: 6/46 [orc priest/divine providence (12)]
  4137 | D:4      | Killed from afar by an orc priest

Vanquished Creatures
  Sigmund (D:4)
  A phantom (D:4)
  An iguana (D:4)
  A sleepcap (D:3)
  Terence (D:2)
  6 gnolls
  4 adders
  2 dart slugs
  5 orcs
  11 ball pythons
  6 bats
  7 endoplasms
  3 giant cockroaches
  11 goblins
  2 hobgoblins
  7 jackals
  3 quokkas
  2 frilled lizards (D:1)
  9 kobolds
  5 rats
88 creatures vanquished.

Vanquished Creatures (collateral kills)
  A gnoll (D:3)
  A worm (D:3)
  An endoplasm (D:1)
  A hobgoblin (D:2)
  A frilled lizard (D:3)
  A kobold (D:1)
6 creatures vanquished.

Grand Total: 94 creatures vanquished

Table legend:
 A = Non-vault XP
 B = Vault XP
 C = Vault XP percentage of total XP
 D = Non-vault monster count
 E = Vault monster count
 F = Vault count percentage of total count
                 A         B        C        D         E       F
            +---------+---------+-------+---------+---------+-------
      Total |     411 |     327 |  44.3 |      83 |      11 |  11.7
            +---------+---------+-------+---------+---------+-------
        D:1 |      35 |       0 |   0.0 |      20 |       0 |   0.0
        D:2 |      76 |      53 |  41.1 |      23 |       5 |  17.9
        D:3 |     137 |      39 |  22.2 |      26 |       2 |   7.1
        D:4 |     163 |     235 |  59.0 |      14 |       4 |  22.2
            +---------+---------+-------+---------+---------+-------

Skill      XL: |  1  2  3  4  5  6 |
---------------+-------------------+-----
Dodging        | 2 3 |  3.2
Spellcasting   | 3 5 6 |  6.1
Necromancy     | 5 6 |  6.0
Stealth        | |  1.5

Action                     |  1- 3 |  4- 6 |  7- 9 || total
---------------------------+-------+-------+-------++-------
  Melee: Unarmed           |    21 |   154 |    68 ||   243
         Punch             |       |     3 |     1 ||     4
   Cast: Necrotise         |    70 |   109 |     3 ||   182
         Vampiric Draining |       |     3 |     2 ||     5
    Use: Scroll            |     1 |     3 |     1 ||     5
 Armour: Robe              |     7 |       |       ||     7
         Ring mail         |     2 |    89 |    37 ||   128
  Dodge: Dodged            |    29 |   116 |    29 ||   174

Illustrated notes

Table legend:
 A = Kills in this place as a percentage of kills in the entire game.
 B = Kills by you in this place as a percentage of kills by you in the entire game.
 C = Kills by friends in this place as a percentage of kills by friends in the entire game.
 D = Other kills in this place as a percentage of other kills in the entire game.
 E = Experience gained in this place as a percentage of experience gained in the entire game.
 F = Experience gained in this place divided by the number of levels of this place that you have seen.
                   A       B       C       D       E      F
               +-------+-------+-------+-------+-------+----------------------
         Total | 100.0 | 100.0 | 100.0 |   N/A | 100.0 | 184.5
       Dungeon | 100.0 | 100.0 | 100.0 |   N/A | 100.0 | 184.5
               +-------+-------+-------+-------+-------+----------------------

Table legend: (Time is in decaauts)
 A = Elapsed time spent in this place.
 B = Non-inter-level travel time spent in this place.
 C = Inter-level travel time spent in this place.
 D = Time resting spent in this place.
 E = Time spent auto-exploring this place.
 F = Levels seen in this place.
 G = Mean time per level.
                   A        B        C        D        E       F      G
               +--------+--------+--------+--------+--------+-----+--------+
         Total |   4136 |   4058 |     78 |     47 |   3119 |   4 | 1034.0 |
       Dungeon |   4136 |   4058 |     78 |     47 |   3119 |   4 | 1034.0 |
               +--------+--------+--------+--------+--------+-----+--------+

Top non-repeatable levels by time:
     D:2: 1110 daAuts
     D:1: 1107 daAuts
     D:3: 1026 daAuts
     D:4: 892 daAuts
